 Dungeon Sprint DCSS version 0.21.1-1-g345015f (webtiles) character file.

114 wilfster70 the Chopper (level 4, -3/66 HPs)
             Began as a Hill Orc Fighter on June 21, 2018.
             Was an Initiate of Beogh.
             Slain by a troll (5 damage)
             ... in the Dungeon (Sprint IX: "|||||||||||||||||||||||||||||").
             The game lasted 00:01:46 (520 turns).

wilfster70 the Chopper (Hill Orc Fighter)            Turns: 520, Time: 00:01:47

Health: -3/66      AC: 14    Str: 23    XL:     4   Next: 98%
Magic:  4/4        EV:  6    Int:  8    God:    Beogh [......]
Gold:   0          SH: 10    Dex: 11    Spells: 3/3 levels left

rFire    . . .     SeeInvis .   a - +1 broad axe (freeze)
rCold    . . .     Gourm    .   c - +0 shield
rNeg     . . .     Faith    .   s - +0 plate armour
rPois    .         Spirit   .   t - +0 helmet
rElec    .         Reflect  .   (no cloak)
rCorr    .         Harm     .   (no gloves)
MR       .....     NoTele   +   u - +0 pair of boots
Stlth    ..........             (no amulet)
HPRegen  0.21/turn              (no ring)
MPRegen  0.09/turn              (no ring)

@: berserking, very quick
A: no striking features
a: Renounce Religion


You were in the Dungeon.
You worshipped Beogh.
Beogh was noncommittal.
You were not hungry.

You visited 1 branch

Inventory:

Hand Weapons
 a - a +1 broad axe of freezing (weapon)
 p - a +0 war axe
Armour
 c - a +0 shield (worn)
 s - a +0 plate armour (worn)
 t - a +0 helmet (worn)
 u - a +0 pair of boots (worn)
Jewellery
 q - a +2 ring of protection
 r - a +3 ring of intelligence
Wands
 o - a wand of acid (10)
Scrolls
 k - 2 scrolls of blinking
 m - 3 scrolls of remove curse
 n - 2 scrolls of amnesia
Potions
 d - a potion of might
 e - 5 potions of curing
 g - 2 potions of heal wounds
 h - a potion of haste
 i - 4 potions of magic
 l - a potion of invisibility
Comestibles
 f - a ration


   Skills:
 + Level 5.8 Fighting
 * Level 7.6 Axes
 + Level 5.2 Armour
 + Level 2.8 Dodging
 + Level 5.3 Shields


You had 3 spell levels left.
You didn't know any spells.

Dungeon Overview and Level Annotations

Branches:
Dungeon (1/1)

Altars:
Cheibriados
Dithmenos
Elyvilon
Fedhas
Gozag
Hepliaklqana
Kikubaaqudgha
Makhleb
Nemelex Xobeh
Okawaru
Qazlal
Ru
Sif Muna
Trog
Uskayaw
Vehumet
Wu Jian
Xom
Yredelemnul
Zin
The Shining One
Beogh
Jiyva
Lugonu


Message History

The troll is severely wounded.
You slash the phantom!
You destroy the phantom!
Beogh accepts your kill.
Your Fighting skill increases to level 5!
Your Axes skill gained 2 levels and is now at level 7!
Your Armour skill increases to level 5!
Your Dodging skill increases to level 2!
Your Shields skill increases to level 5!
You have reached level 4!
The troll bites you.
* * * LOW HITPOINT WARNING * * *
You block the troll's attack. The troll claws you.
* * * LOW HITPOINT WARNING * * *
You slash the troll! You freeze the troll.
The troll is severely wounded.
The troll bites you.
* * * LOW HITPOINT WARNING * * *
The troll closely misses you. The troll claws you.
You die...

▓|▓
▓)▓
▓.▓
▓[▓
▓.▓
▓.▓
▓.▓
▓'▓
▓@▓
▓T▓
▓Z▓
▓o▓
▓W▓
▓.▓
▓+▓


You could see a troll, a phantom, an orc warrior and a bat skeleton.

Vanquished Creatures
  A phantom (D)
  An adder (D)
  A shadow imp (D)
  An adder zombie (D)
  2 goblins (D)
  2 hobgoblins (D)
  A quokka (D)
  A frilled lizard (D)
  A giant cockroach zombie (D)
  A rat (D)
12 creatures vanquished.

Notes
Turn   | Place    | Note
-------+----------+-------------------------------------------
     0 | D        | wilfster70 the Hill Orc Fighter began the quest for the Orb.
     0 | D        | Reached XP level 1. HP: 19/19 MP: 1/1
     9 | D        | Reached skill level 3 in Axes
   131 | D        | Reached skill level 4 in Axes
   131 | D        | Reached XP level 2. HP: 27/27 MP: 2/2
   135 | D        | Reached skill level 1 in Dodging
   416 | D        | Found a roughly hewn altar of Beogh.
   416 | D        | Found a snail-covered altar of Cheibriados.
   416 | D        | Found a shadowy altar of Dithmenos.
   416 | D        | Found a white marble altar of Elyvilon.
   416 | D        | Found a blossoming altar of Fedhas.
   416 | D        | Found an opulent altar of Gozag.
   417 | D        | Found a hazy altar of Hepliaklqana.
   418 | D        | Found a viscous altar of Jiyva.
   419 | D        | Became a worshipper of Beogh the Brigand
   420 | D        | Found an ancient bone altar of Kikubaaqudgha.
   421 | D        | Found a corrupted altar of Lugonu.
   422 | D        | Found a burning altar of Makhleb.
   423 | D        | Found a sparkling altar of Nemelex Xobeh.
   424 | D        | Found an iron altar of Okawaru.
   425 | D        | Found a stormy altar of Qazlal.
   426 | D        | Found a sacrificial altar of Ru.
   427 | D        | Found a deep blue altar of Sif Muna.
   428 | D        | Found a bloodstained altar of Trog.
   429 | D        | Found a hide-covered altar of Uskayaw.
   430 | D        | Found a radiant altar of Vehumet.
   431 | D        | Found an ornate altar of the Wu Jian Council.
   432 | D        | Found a shimmering altar of Xom.
   433 | D        | Found a basalt altar of Yredelemnul.
   434 | D        | Found a glowing silver altar of Zin.
   435 | D        | Found a glowing golden altar of the Shining One.
   495 | D        | Noticed a phantom
   495 | D        | Noticed a phantom
   495 | D        | Noticed a troll
   495 | D        | Noticed an orc warrior
   496 | D        | Reached skill level 5 in Axes
   496 | D        | Reached XP level 3. HP: 34/34 MP: 3/3
   519 | D        | Killed a phantom
   519 | D        | Reached skill level 5 in Fighting
   519 | D        | Reached skill level 7 in Axes
   519 | D        | Reached skill level 5 in Armour
   519 | D        | Reached skill level 5 in Shields
   519 | D        | Reached XP level 4. HP: 17/44 MP: 4/4
   520 | D        | HP: 2/66 [troll (6)]
   520 | D        | Slain by a troll

Skill      XL: |  1  2  3 |
---------------+----------+-----
Axes           | 4 5 7 |  7.6
Fighting       | 4 5 |  5.8
Dodging        | 1 2 |  2.8
Armour         | 4 5 |  5.2
Shields        | 4 5 |  5.3

Action                   |  1- 3 |  4- 6 || total
-------------------------+-------+-------++-------
Melee: War axe           |    37 |       ||    37
       Broad axe         |    20 |     1 ||    21
  Use: Potion            |     2 |       ||     2
Armor: Scale mail        |    13 |       ||    13
       Plate armour      |    20 |       ||    20
Dodge: Dodged            |    11 |     1 ||    12
Block: Shield            |    35 |     1 ||    36
